 Dungeon Crawl Stone Soup version 0.19.0 (webtiles) character file.

80234 tv1990 the Cleaver (level 16, 0/128 HPs)
             Began as a Formicid Monk on Nov 1, 2016.
             Was a High Priest of Okawaru.
             Killed from afar by an orc sorcerer (11 damage)
             ... with a bolt of fire
             ... on level 2 of the Orcish Mines.
             The game lasted 01:12:00 (17215 turns).

tv1990 the Cleaver (Formicid Monk)                 Turns: 17215, Time: 01:12:00

Health: 0/128      AC: 11    Str: 17    XL:     16   Next: 14%
Magic:  18/23      EV: 14    Int: 11    God:    Okawaru [*****.]
Gold:   1215       SH:  7    Dex: 18    Spells: 1 memorised, 9 levels left

rFire  + . .     SeeInvis +     H - +4 battleaxe (chop)
rCold  . . .     Gourm    .     m - +4 plate armour {rF+}
rNeg   . . .     Faith    .     X - +0 buckler
rPois  .         Spirit   .     (helmet unavailable)
rElec  +         Reflect  .     M - +0 cloak "Zeroxith" {rElec Regen+}
rCorr  .         Harm     .     r - +0 pair of gloves
MR     +....                    A - +0 pair of boots
Stlth  ..........               P - amulet of regeneration
                                d - +4 ring of slaying
                                f - +4 ring of protection

@: heroism, finesse, corroded
A: permanent stasis, dig shafts and tunnels, four strong arms, antennae 3,
blurry vision 1, wild magic 1, evolution 1
a: Dig, Shaft Self, Heroism, Finesse, Renounce Religion


You were on level 2 of the Orcish Mines.
You worshipped Okawaru.
Okawaru was extremely pleased with you.
You were not hungry.

You visited 4 branches of the dungeon, and saw 20 of its levels.
You also visited: Labyrinth and Volcano.

You collected 1215 gold pieces.

Inventory:

Hand Weapons
 p - a +2 battleaxe of flaming
 H - a +4 battleaxe of chopping (weapon)
Armour
 m - a +4 plate armour of fire resistance (worn)
 r - a +0 pair of gloves (worn)
 A - a +0 pair of boots (worn)
 M - the +0 cloak "Zeroxith" (worn) {rElec Regen+}
   (Okawaru gifted it to you on level 2 of the Lair of Beasts)

   It insulates you from electricity.
   It increases your rate of regeneration.
 X - a +0 buckler (worn)
Jewellery
 d - a +4 ring of slaying (right hand)
 f - a +4 ring of protection (left hand)
 q - a +4 ring of evasion {unknown}
 P - an amulet of regeneration (around neck)
Wands
 b - a wand of acid (4/15)
 i - a wand of disintegration (11/24)
 t - a wand of iceblast (10/15)
 v - a wand of iceblast (0/15)
 C - a wand of iceblast (6/15)
 D - a wand of flame (26/48)
 F - a wand of iceblast (5/15)
 I - a wand of digging (13/24)
 S - a wand of acid (5/15)
 T - a wand of paralysis (13/24)
 U - a wand of iceblast (2/15)
 V - a wand of teleportation (6/9)
 W - a wand of heal wounds (3/9)
Scrolls
 g - a scroll of fear
 h - 7 scrolls of amnesia
 l - 3 scrolls of fog
 s - a scroll of identify
 x - 2 scrolls of recharging
 y - 3 scrolls of remove curse
 B - 5 scrolls of noise
 G - a scroll of torment {unknown}
 R - a scroll of enchant armour
Potions
 e - a potion of might
 j - 2 potions of berserk rage
 n - a potion of flight
 o - 2 potions of cancellation
 u - 5 potions of heal wounds
 w - a potion of invisibility
 z - a potion of cure mutation
 J - 3 potions of brilliance
 K - a potion of ambrosia
 L - a potion of resistance
 N - 2 potions of agility {unknown}
 O - 3 potions of curing
 Z - a potion of beneficial mutation {unknown}
Books
 Q - a book of Air

   Spells                             Type                      Level
   a - Shock                          Conjuration/Air              1
   b - Swiftness                      Charms/Air                   2
   c - Repel Missiles                 Charms/Air                   2
   d - Static Discharge               Conjuration/Air              3
   e - Lightning Bolt                 Conjuration/Air              5
Comestibles
 a - 16 chunks of flesh
 c - 12 bread rations
 k - 3 meat rations
 E - 12 royal jellies
 Y - 8 beef jerkies


   Skills:
 + Level 12.3(17.3) Fighting
 * Level 14.3(19.3) Axes
 + Level 12.0(17.0) Armour
 + Level 10.0(15.0) Dodging
 - Level 2.4(7.4) Stealth
 - Level 3.2(8.2) Shields
 - Level 10.3 Invocations
 - Level 9.2 Evocations


You had 9 spell levels left.
You knew the following spells:

 Your Spells              Type           Power        Failure   Level  Hunger
a - Deflect Missiles      Chrm/Air       #.........   100%        6    #######


Dungeon Overview and Level Annotations

Branches:
Dungeon (12/15)            Temple (1/1) D:4            Lair (5/6) D:8
  Swamp (0/4) Lair:3       Spider (0/4) Lair:4        Slime (0/5) Lair:5
    Orc (2/2) D:12            Elf (0/3) Orc:2

Altars:
Ashenzari
Cheibriados
Dithmenos
Elyvilon
Fedhas
Gozag
Hepliaklqana
Kikubaaqudgha
Makhleb
Nemelex Xobeh
Okawaru
Qazlal
Ru
Sif Muna
Trog
Uskayaw
Vehumet
Xom
Yredelemnul
Zin
The Shining One
Jiyva

Shops:
Orc:2 (


Innate Abilities, Weirdness & Mutations

You are under a permanent stasis effect.
You can dig through walls and to a lower floor.
Your four strong arms can wield two-handed weapons with a shield.
You have a pair of large antennae on your head. (SInv)
Scrolls take you a little longer to read.
Your spells are a little harder to cast, but a little more powerful.
You evolve.


Message History

You kill the rust devil!
You hit the rust devil but do no damage.
You hit the orc warrior. You block the orc warrior's attack.
The orc warrior completely misses you.
Your plate armour prevents you from hitting the orc sorcerer.
The orc sorcerer is almost dead.
You hit the orc warrior but do no damage.
You hit the rust devil but do no damage.
You hit the stone giant but do no damage.
The orc warrior misses you.
The orc sorcerer hits you but does no damage.
You block the rust devil's attack.
Evoke which item? (* to show all) (? for menu, Esc to quit)
That item cannot be evoked!
You feel much better. The stone giant hits you!!
* * * LOW HITPOINT WARNING * * *
The orc warrior closely misses you. You block the orc warrior's attack.
The orc sorcerer points at you and mumbles some strange words.
The bolt of fire hits you! You resist.
You die...

...............
......#.........
......#......... #
................ #.
...$...........
#.#..##....o........
.....#.....)))...#
#..........o@oo.##.
#.....P...P4OC......
##..................
#................(.#
#.......∩...P.(.(.#.
#.............#.#..
##.....8.....P......
###
#...P..........#...
#.####...P.P..........


You could see a stone giant, a rust devil, an orc sorcerer, 3 orc warriors and
an ogre.

Vanquished Creatures
  Gastronok (D:8)
  An orc warlord (Orc:2)
  Nessos (Lair:4)
  Snorg (Orc:2)
  A minotaur (Lab)
  Josephine (Lair:4)
  2 hydras
  Fannar (D:10)
  Harold (Lair:2)
  An ice dragon (Lair:4)
  An ogre mage (Volcano)
  Erica (D:8)
  6 death yaks (Lair:5)
  2 orc high priests (Orc:2)
  A hell knight (Volcano)
  Nergalle (Lair:4)
  An orc knight (Orc:2)
  2 hill giants (D:12)
  4 orc sorcerers (Orc:2)
  Joseph (D:8)
  A cyclops (Orc:1)
  6 elephants (Lair:3)
  3 black mambas
  A gargoyle (D:12)
  A torpor snail (Lair:3)
  4 spiny frogs
  2 rime drakes (Lair:5)
  4 komodo dragons
  2 ice devils (Lair:4)
  A queen bee (Lair:3)
  9 two-headed ogres
  2 polar bears (Lair:2)
  A hornet (Lair:4)
  Prince Ribbit (D:8)
  7 trolls
  11 blink frogs
  7 hippogriffs
  4 slime creatures (D:12)
  2 redbacks (Lab)
  A vampire (D:9)
  39 yaks
  3 fire bats (Lair:5)
  A shadow (Lab)
  16 hungry ghosts
  2 wyverns
  5 wraiths
  A steam dragon (Lair:2)
  Duvessa (D:7)
  9 water moccasins
  4 porcupines
  4 black bears
  4 sky beasts
  3 ice beasts
  2 hornet zombies (D:11)
  16 orc warriors
  2 phantoms
  10 ogres
  16 wolves
  7 centaurs
  7 crocodiles
  3 big kobolds
  20 bullfrogs
  An earth elemental (Lab)
  Dowan (D:7)
  9 scorpions
  16 wights
  31 killer bees
  A spriggan skeleton (Lab)
  8 electric eels
  6 howler monkeys
  7 hounds
  4 crimson imps
  2 bullfrog skeletons
  2 jellies (D:6)
  Crazy Yiuf (D:2)
  2 centaur skeletons
  9 orc priests
  An iguana (D:11)
  13 orc wizards
  12 worker ants
  Natasha (twice) (D:2)
  A hound skeleton (D:4)
  A worker ant zombie (D:5)
  9 adders
  4 shadow imps
  2 white imps (Lair:4)
  3 oozes
  A worm (Lair:4)
  2 dart slugs
  3 leopard geckos
  39 orcs
  7 bats
  9 giant cockroaches
  4 goblins
  4 hobgoblins
  13 jackals
  2 quokkas
  A ball python (D:3)
  4 frilled lizards
  A jackal skeleton (D:5)
  18 kobolds
  A leopard gecko skeleton (D:4)
  7 rats
  A bush (Lair:2)
  3 fungi
  5 plants
549 creatures vanquished.

Vanquished Creatures (collateral kills)
  A bullfrog (Lair:4)
  A white imp (Lair:4)
2 creatures vanquished.

Vanquished Creatures (others)
  20 fungi
  4 plants
24 creatures vanquished.

Grand Total: 575 creatures vanquished

Notes
Turn   | Place    | Note
-------+----------+-------------------------------------------
     0 | D:1      | tv1990 the Formicid Monk began the quest for the Orb.
     0 | D:1      | Reached XP level 1. HP: 18/18 MP: 1/1
    92 | D:1      | Reached XP level 2. HP: 11/24 MP: 2/2
   460 | D:1      | Reached XP level 3. HP: 29/30 MP: 3/3
   612 | D:2      | Noticed Natasha
   620 | D:2      | Killed Natasha
   646 | D:2      | Reached XP level 4. HP: 20/37 MP: 4/4
   829 | D:2      | Reached skill level 1 in Armour
   861 | D:2      | Reached skill level 4 in Axes
  1076 | D:2      | Found a runed door.
  1221 | D:2      | Noticed Natasha
  1240 | D:2      | Killed Natasha
  1304 | D:2      | Reached XP level 5. HP: 38/43 MP: 5/5
  2359 | D:4      | Found a bloodstained altar of Trog.
  2373 | D:4      | Noticed an ogre
  2397 | D:4      | Killed an ogre
  2397 | D:4      | Reached skill level 5 in Axes
  2397 | D:4      | Reached XP level 6. HP: 49/50 MP: 6/6
  2468 | D:4      | Reached skill level 5 in Fighting
  2491 | D:4      | Found a staircase to the Ecumenical Temple.
  2524 | Temple   | Entered the Ecumenical Temple
  2963 | D:4      | Reached XP level 7. HP: 56/56 MP: 7/7
  3207 | D:4      | Found an ancient bone altar of Kikubaaqudgha.
  3223 | D:4      | Reached skill level 6 in Axes
  3469 | D:4      | Found an opulent altar of Gozag.
  3470 | D:4      | Found an iron altar of Okawaru.
  3479 | D:4      | Became a worshipper of Warmaster Okawaru
  3479 | D:4      | Reached * piety under Okawaru
  3479 | D:4      | Reached ** piety under Okawaru
  3613 | D:2      | Noticed Crazy Yiuf
  3625 | D:2      | Killed Crazy Yiuf
  3774 | D:5      | Entered Level 5 of the Dungeon
  3813 | D:5      | Got a translucent scale mail
  3827 | D:5      | Identified the +0 scale mail of Prudence {Regen+ Str+3} (You found it on level 5 of the Dungeon)
  3996 | D:5      | Reached XP level 8. HP: 63/64 MP: 8/8
  4031 | D:5      | Reached skill level 1 in Evocations
  4714 | D:6      | Reached skill level 5 in Evocations
  4772 | D:6      | Reached *** piety under Okawaru
  4945 | D:6      | Reached XP level 9. HP: 64/69 MP: 10/13
  5054 | D:6      | Noticed a hand axe
  5054 | D:6      | Noticed a hand axe
  5055 | D:6      | Found a hide-covered altar of Uskayaw.
  5524 | D:7      | Noticed Dowan
  5525 | D:7      | Noticed Duvessa
  5537 | D:7      | Killed Duvessa
  5569 | D:7      | Killed Dowan
  5569 | D:7      | Reached skill level 1 in Invocations
  5771 | D:7      | Noticed a hippogriff
  5787 | D:7      | Killed a hippogriff
  5787 | D:7      | Reached **** piety under Okawaru
  5875 | D:7      | Reached skill level 5 in Invocations
  5981 | D:8      | Noticed Prince Ribbit
  6048 | D:8      | Noticed Gastronok
  6071 | D:8      | Killed Gastronok
  6071 | D:8      | Reached ***** piety under Okawaru
  6071 | D:8      | Received a gift from Okawaru
  6071 | D:8      | Reached skill level 10 in Invocations
  6071 | D:8      | Reached XP level 10. HP: 76/76 MP: 14/17
  6171 | D:8      | Found a staircase to the Lair.
  6340 | D:8      | Killed Prince Ribbit
  6340 | D:8      | Reached skill level 7 in Axes
  6511 | D:8      | Noticed Joseph
  6511 | D:8      | Noticed Erica
  6524 | D:8      | Killed Erica
  6524 | D:8      | Reached skill level 5 in Armour
  6524 | D:8      | Reached XP level 11. HP: 54/83 MP: 16/18
  6566 | D:8      | Killed Joseph
  6566 | D:8      | Reached skill level 8 in Axes
  6661 | D:8      | Found a hazy altar of Hepliaklqana.
  6807 | D:8      | Found a blossoming altar of Fedhas.
  7263 | Lair:1   | Entered Level 1 of the Lair of Beasts
  7976 | Lair:1   | Noticed a swamp dragon
  7984 | Lair:1   | You fall through a shaft!
  8368 | Lair:2   | Reached skill level 9 in Axes
  8407 | Lair:2   | Noticed Harold
  8427 | Lair:2   | Killed Harold
  8497 | Lair:2   | Reached skill level 5 in Dodging
  8549 | Lair:2   | Reached XP level 12. HP: 69/92 MP: 19/19
  9035 | Lair:2   | Received a gift from Okawaru
  9036 | Lair:2   | Got a slimy cloak {god gift}
  9047 | Lair:2   | Identified the +0 cloak "Zeroxith" {rElec Regen+} (Okawaru gifted it to you on level 2 of the Lair of Beasts)
  9158 | Lair:3   | Reached skill level 10 in Axes
  9208 | Lair:3   | Gained mutation: Your flesh is heat resistant. (rF+) [potion of mutation]
  9208 | Lair:3   | Gained mutation: You evolve. [potion of mutation]
  9208 | Lair:3   | Gained mutation: Scrolls take you a little longer to read. [potion of mutation]
  9500 | Lair:3   | Found a labyrinth entrance.
  9551 | Lab      | Entered a labyrinth
  9661 | Lab      | Reached skill level 11 in Axes
  9848 | Lab      | Found an exit through the horrors of the Abyss.
 10232 | Lab      | Noticed a minotaur
 10249 | Lab      | Killed a minotaur
 10249 | Lab      | Reached XP level 13. HP: 66/101 MP: 13/20
 10252 | Lab      | Identified the Collected Works on Shifting Dark Rites
 10252 | Lab      | Identified the Compendium of Excruciating Ice
 10261 | Lab      | Learned a level 6 spell: Deflect Missiles
 10532 | Lair:3   | Received a gift from Okawaru
 10700 | Lair:3   | Found a staircase to the Swamp.
 11054 | Lair:4   | Noticed an ice dragon
 11079 | Lair:4   | Killed an ice dragon
 11109 | Lair:4   | Noticed Josephine
 11121 | Lair:4   | Killed Josephine
 11121 | Lair:4   | Reached skill level 12 in Axes
 11165 | Lair:4   | Noticed Nessos
 11173 | Lair:4   | Killed Nessos
 11321 | Lair:4   | Gained mutation: Your spells are a little harder to cast, but a little more powerful. [evolution]
 11364 | Lair:4   | Noticed a four-headed hydra
 11368 | Lair:4   | Noticed Nergalle
 11374 | Lair:4   | Killed a one-headed hydra
 11374 | Lair:4   | Reached skill level 10 in Fighting
 11381 | Lair:4   | Killed Nergalle
 11531 | Lair:4   | Found a hole to the Spider Nest.
 12226 | Lair:5   | Reached XP level 14. HP: 94/111 MP: 13/21
 12233 | Lair:5   | Reached skill level 10 in Armour
 12246 | Lair:5   | Received a gift from Okawaru
 12246 | Lair:5   | Reached skill level 13 in Axes
 12541 | Lair:5   | Found a dark tunnel.
 12549 | Lair:5   | Reached skill level 1 in Shields
 12563 | Volcano  | Entered a volcano
 12623 | Volcano  | Found a radiant altar of Vehumet.
 12765 | Lair:5   | Reached XP level 15. HP: 119/119 MP: 22/22
 12898 | Lair:5   | Found a staircase to the Slime Pits.
 12899 | Lair:5   | Found a viscous altar of Jiyva.
 13532 | D:9      | Found a basalt altar of Yredelemnul.
 13537 | D:9      | Found a glowing golden altar of the Shining One.
 13566 | D:9      | Received a gift from Okawaru
 13622 | D:9      | Found a shattered altar of Ashenzari.
 13831 | D:9      | Noticed a profane servitor
 13955 | D:10     | Entered Level 10 of the Dungeon
 14007 | D:10     | Noticed Fannar
 14028 | D:10     | Killed Fannar
 14104 | D:10     | Got a polished dire flail
 14105 | D:10     | Identified the +5 dire flail of Boajeik {antimagic, rF+ rC+ Int+4 Dex+4} (You found it on level 10 of the Dungeon)
 14932 | D:11     | Found a stormy altar of Qazlal.
 16581 | D:12     | Found a staircase to the Orcish Mines.
 16713 | D:12     | Lost mutation: Your flesh is heat resistant. (rF+) [evolution]
 16908 | Orc:1    | Entered Level 1 of the Orcish Mines
 17079 | Orc:2    | Entered Level 2 of the Orcish Mines
 17079 | Orc:2    | Noticed Snorg
 17098 | Orc:2    | Killed Snorg
 17098 | Orc:2    | Reached skill level 14 in Axes
 17121 | Orc:2    | Found a staircase to the Elven Halls.
 17125 | Orc:2    | Noticed an orc warlord
 17138 | Orc:2    | Killed an orc warlord
 17138 | Orc:2    | Reached XP level 16. HP: 127/127 MP: 19/23
 17155 | Orc:2    | Found Rateumiq's Antique Weapon Boutique.
 17196 | Orc:2    | Reached skill level 10 in Dodging
 17215 | Orc:2    | Killed from afar by an orc sorcerer

Skill      XL: |  1  2  3  4  5  6  7  8  9 10 11 12 13 14 15 16 |
---------------+-------------------------------------------------+-----
Fighting       | 4 5 6 7 9 10 11 12 | 12.3
Armour         | 1 2 3 4 5 6 8 9 11 12 | 12.0
Axes           | 4 5 6 7 9 11 12 13 14 | 14.3
Evocations     | 6 9 |  9.2
Invocations    | 10 | 10.3
Dodging        | 3 5 6 7 9 10 | 10.0
Shields        | 3 |  3.2
Stealth        | |  2.4

Action                   |  1- 3 |  4- 6 |  7- 9 | 10-12 | 13-15 | 16-18 || total
-------------------------+-------+-------+-------+-------+-------+-------++-------
Melee: Hand axe          |    69 |   206 |   139 |       |       |       ||   414
       Battleaxe         |       |       |   273 |   789 |   826 |    48 ||  1936
       Punch             |       |       |     1 |     7 |     1 |       ||     9
       Scimitar          |       |       |       |       |     8 |       ||     8
Invok: Heroism           |       |       |     7 |    22 |     8 |     1 ||    38
       Finesse           |       |       |       |     5 |     5 |     1 ||    11
 Abil: Dig               |       |       |     6 |    15 |     7 |       ||    28
       Shaft Self        |       |       |       |     1 |       |       ||     1
Evoke: Wand              |       |       |       |     4 |    12 |     3 ||    19
  Use: Scroll            |     3 |     2 |     3 |    14 |    16 |       ||    38
       Potion            |       |       |     2 |     3 |     3 |     1 ||     9
 Stab: Paralysed         |       |       |       |       |     5 |       ||     5
  Eat: Chunk             |       |     7 |    11 |    34 |    21 |       ||    73
       Meat ration       |       |       |       |     3 |       |       ||     3
       Pizza             |       |       |       |     2 |       |       ||     2
       Beef jerky        |       |       |       |     2 |       |       ||     2
Armor: Ring mail         |    32 |    76 |       |       |       |       ||   108
       Scale mail        |       |    10 |   225 |    80 |       |       ||   315
       Plate armour      |       |       |       |   383 |   194 |    35 ||   612
       Chain mail        |       |       |       |    38 |   242 |       ||   280
Dodge: Dodged            |    53 |   118 |   248 |   423 |   441 |    61 ||  1344
Block: Buckler           |       |       |       |       |    83 |    27 ||   110
       Rpst.: Scimitar   |       |       |       |       |     2 |       ||     2

Table legend:
 A = Turns spent in this place as a percentage of turns spent in the entire game.
 B = Non-inter-level travel turns spent in this place as a percentage of non-inter-level travel turns spent in the entire game.
 C = Inter-level travel turns spent in this place as a percentage of turns spent in this place.
 D = Turns resting spent in this place as a percentage of non-inter-level travel turns spent in this place.
 E = Turns spent auto-exploring this place as a percentage of non-inter-level travel turns spent in this place.
 F = Non-inter-level travel turns spent in this place divided by the number of levels of this place that you've seen.
                   A       B       C       D       E      F
               +-------+-------+-------+-------+-------+----------------------
         Total | 100.0 | 100.0 |   0.6 |   1.4 |  11.3 | 269.4
       Dungeon |  50.0 |  49.9 |   0.9 |   1.5 |  17.3 | 246.2
        Temple |   0.3 |   0.2 |   6.7 |   0.0 |  92.9 |  14.0
          Lair |  32.8 |  32.9 |   0.3 |   1.7 |   6.4 | 390.0
  Orcish Mines |   3.1 |   3.1 |   0.5 |   0.0 |   6.6 |  91.5
     Labyrinth |  11.7 |  11.7 |   0.0 |   0.6 |   0.0 | 696.0
       Volcano |   2.2 |   2.2 |   0.0 |   0.0 |   4.7 | 129.0
               +-------+-------+-------+-------+-------+----------------------

Table legend:
 A = Kills in this place as a percentage of kills in entire the game.
 B = Kills by you in this place as a percentage of kills by you in the entire game.
 C = Kills by friends in this place as a percentage of kills by friends in the entire game.
 D = Other kills in this place as a percentage of other kills in the entire game.
 E = Experience gained in this place as a percentage of experience gained in the entire game.
 F = Experience gained in this place divided by the number of levels of this place that you have seen.
                   A       B       C       D       E      F
               +-------+-------+-------+-------+-------+----------------------
         Total | 100.0 | 100.0 | 100.0 |  -nan | 100.0 | 3823.6
       Dungeon |  57.0 |  57.2 |   0.0 |  -nan |  31.2 | 2189.6
          Lair |  30.6 |  30.4 | 100.0 |  -nan |  47.2 | 7946.8
  Orcish Mines |   7.2 |   7.2 |   0.0 |  -nan |  12.8 | 5369.5
     Labyrinth |   3.7 |   3.7 |   0.0 |  -nan |   5.3 | 4483.0
       Volcano |   1.5 |   1.5 |   0.0 |  -nan |   3.4 | 2888.0
               +-------+-------+-------+-------+-------+----------------------

Vault maps used:
D:1:      minmay_arrival_up_and_down, minmay_pentomino_u2
D:2:      uniq_natasha, uniq_crazy_yiuf_cottage
D:3:      minmay_misc_feat_five
D:4:      lemuel_crystal_altar, minitemple, first_bread
D:6:      dancing_weapons_uskayaw
D:7:      uniq_duvessa
D:8:      kennysheep_little_box, kennysheep_mini_moat, erik_lair_island,
          uniq_joseph, uniq_prince_ribbit1, uniq_gastronok, uniq_erica
D:9:      grunt_temple_overflow_holy_war, old_standard_altar
D:10:     grunt_ogre_cave, serial_bayou_lake_a, uniq_fannar
D:11:     basic_altar
D:12:     orc_0_dummy
Temple:   minmay_temple_curvy_loop
Lair:1:   hibernation_bobbens
Lair:2:   uniq_harold
Lair:3:   swamp_mist_pool, lab_entry_generic, grunt_megastairs_5
Lair:4:   nicolae_spider_entry_non_spiders, portal_ice_cave_demonic_guard,
          bobbens_ice_dragon_lair, uniq_nessos, uniq_nergalle, uniq_josephine
Lair:5:   slime_altar_1, nicolae_volcano_entry_batcave
Orc:2:    grunt_orc_gardens, grunt_orc_garden, grunt_orc_garden,
          grunt_orc_garden, grunt_orc_garden, basic_altar, uniq_snorg
Lab:      nicolae_lab_grate, lab_fountain, nicolae_lab_very_dead_end,
          nicolae_lab_hexagon, nicolae_lab_diamond, labyrinth_skeletal_remains,
          nicolae_lab_garden, nicolae_lab_arrow, nicolae_lab_blocks,
          nicolae_lab_swirl, nicolae_lab_flowing_pool, nicolae_lab_statue
Volcano:  kennysheep_volcano_temple
